 Dungeon Crawl Stone Soup version 0.21-a0-39-g28ea6b7 (webtiles) character file.

174 HereIgoKillingAgain the Magician (level 5, 0/41 HPs)
             Began as a Gnoll Wanderer on May 30, 2017.
             Slain by a worker ant (6 damage)
             ... on level 3 of the Dungeon.
             The game lasted 00:04:45 (4170 turns).

HereIgoKillingAgain the Magician (Gnoll Wanderer)   Turns: 4170, Time: 00:04:46

Health: 0/41       AC:  7    Str: 11 (13) XL:     5   Next: 54%
Magic:  13/13      EV: 10    Int: 12 (13) God:
Gold:   125        SH:  7    Dex:  9 (12) Spells: 14/15 levels left

rFire    . . .     SeeInvis +   b - +0 hand axe
rCold    . . .     Gourm    .   k - +0 shield
rNeg     . . .     Faith    .   s - +0 leather armour
rPois    .         Spirit   .   (no helmet)
rElec    .         Reflect  .   (no cloak)
rCorr    .         Harm     .   (no gloves)
MR       .....                  i - +1 pair of boots
Stlth    ++........             (no amulet)
Regen    0.2/turn               (no ring)
MPRegen  0.2/turn               (no ring)

@: lethally poisoned (0 -> -10)
A: short attention span, fangs 1, iridescent scales 1, see invisible, strong
nose
a: no special abilities


You were on level 3 of the Dungeon.
You were not hungry.

You visited 1 branch of the dungeon, and saw 4 of its levels.

You collected 125 gold pieces.

Inventory:

Hand Weapons
 b - a +0 hand axe (weapon)
 h - a +1 dagger of speed
Armour
 i - a +1 pair of boots (worn)
 k - a +0 shield (worn)
 m - a +0 plate armour
 s - a +0 leather armour (worn)
Jewellery
 p - an uncursed amulet of magic regeneration
Scrolls
 d - a scroll of remove curse
 e - 2 scrolls of fear
 g - a scroll of identify
 j - a scroll of teleportation
 t - a scroll of blinking
Potions
 n - a potion of curing
Books
 a - a book of Necromancy

   Spells                             Type                      Level
   a - Pain                           Necromancy                   1
   b - Animate Skeleton               Necromancy                   1
   c - Vampiric Draining              Necromancy                   3
   d - Regeneration                   Charms/Necromancy            3
   e - Animate Dead                   Necromancy                   4
   f - Control Undead                 Necromancy                   4
 r - a book of Maledictions

   Spells                             Type                      Level
   a - Corona                         Hexes                        1
   b - Ensorcelled Hibernation        Hexes/Ice                    2
   c - Confuse                        Hexes                        3
   d - Tukima's Dance                 Hexes                        3
   e - Dazzling Spray                 Conjuration/Hexes            3
Comestibles
 f - a bread ration
 l - 3 meat rations


   Skills:
 + Level 3.0 Fighting
 + Level 4.1 Axes
 + Level 1.7 Throwing
 * Level 3.7 Armour
 * Level 3.6 Dodging
 * Level 2.2 Stealth
 + Level 1.4 Shields
 + Level 5.9 Spellcasting
 + Level 3.4 Necromancy
   Level 1.7 Evocations


You had 14 spell levels left.
You knew the following spells:

 Your Spells              Type           Power        Failure   Level  Hunger
a - Animate Skeleton      Necr           N/A          32%         1    None


Dungeon Overview and Level Annotations

Branches:
Dungeon (4/15)
 Temple: D:4-7

Altars:

Annotations:
D:4 HereIgoKillingAgain's ghost, amateur GnSk


Innate Abilities, Weirdness & Mutations

You have a short attention span.
You have very sharp teeth.
Your uncanny sense of smell can sniff out nearby items.
You are partially covered in iridescent scales. (AC +2)
You have supernaturally acute eyesight. (SInv)


Message History

You feel sick. The worker ant barely misses you.
The worker ant bites you but does no damage.
You block the worker ant's attack.
Unknown command.
You are too injured to fight recklessly!
You hit the worker ant.
You bite the worker ant, but do no damage.
The worker ant is severely wounded.
You hit the worker ant.
You feel sick. The worker ant bites you.
* * * LOW HITPOINT WARNING * * *
The worker ant bites you but does no damage.
You block the worker ant's attack.
You closely miss the worker ant.
The worker ant is severely wounded.
You barely miss the worker ant.
* * * LOW HITPOINT WARNING * * *
You feel sick. The worker ant bites you.
* * * LOW HITPOINT WARNING * * *
The worker ant bites you.
You die...

#....§§§§§##......
#....§§§§§#####.#.
#....§§§§§# #.#.
#....§§§§§#####.##
#####§###§§..##..# #.#
####.#.... ####### #.#
#...... ##....a## #.#
##.##.. ##.....a@###.#
#.#### #........)##.#
#.## # #.........##.#
#..# # #.........##.#
##.###
#....<....##.########....
#...............).......#
##.......#........##..###
#................[##.†###
#...................†...#


You could see 2 worker ants.

Vanquished Creatures
  5 adders
  2 oozes (D:2)
  3 worms
  6 dart slugs
  2 leopard geckos
  11 orcs
  10 bats
  6 giant cockroaches
  9 goblins
  6 hobgoblins
  2 jackals (D:3)
  3 quokkas
  4 frilled lizards
  8 kobolds
  8 rats
85 creatures vanquished.

Notes
Turn   | Place    | Note
-------+----------+-------------------------------------------
     0 | D:1      | HereIgoKillingAgain the Gnoll Wanderer began the quest for the Orb.
     0 | D:1      | HereIgoKillingAgain set off with: a book of Necromancy, a +0 hand axe, a potion of lignification, a +0 robe, a bread ration
     0 | D:1      | Reached XP level 1. HP: 16/16 MP: 6/6
     2 | D:1      | Learned a level 1 spell: Animate Skeleton
   360 | D:1      | Reached XP level 2. HP: 3/22 MP: 6/8
   675 | D:1      | You fall through a shaft!
  1051 | D:1      | Reached skill level 1 in Dodging
  1262 | D:1      | Reached skill level 1 in Stealth
  1262 | D:1      | Reached XP level 3. HP: 26/27 MP: 10/10
  2148 | D:2      | Reached XP level 4. HP: 19/33 MP: 11/11
  2752 | D:2      | Reached skill level 1 in Shields
  2849 | D:2      | Reached XP level 5. HP: 18/39 MP: 13/13
  3645 | D:4      | Noticed HereIgoKillingAgain's ghost (amateur GnSk)
  3883 | D:4      | Gained mutation: You are somewhat resistant to further mutation. [potion of mutation]
  3884 | D:4      | Lost mutation: You are somewhat resistant to further mutation. [potion of mutation]
  3884 | D:4      | Gained mutation: You have supernaturally acute eyesight. (SInv) [potion of mutation]
  3884 | D:4      | Gained mutation: You are partially covered in iridescent scales. (AC +2) [potion of mutation]
  4170 | D:3      | Slain by a worker ant

Vault maps used:
D:1:      onia_arrival_mini_maze, minmay_statues_item, minmay_cut_off
D:2:      first_bread
D:4:      old_standard_altar, temple_doors_e, minmay_misc_feat_rows, uniq_ijyb,
          uniq_menkaure

Skill      XL: |  1  2  3  4  5 |
---------------+----------------+-----
Armour         | 2 3 |  3.7
Axes           | 2 3 4 |  4.1
Dodging        | 1 2 3 |  3.6
Stealth        | 1 2 |  2.2
Fighting       | 2 3 |  3.0
Shields        | 1 |  1.4
Throwing       | |  1.7
Spellcasting   | |  5.9
Necromancy     | |  3.4
Evocations     | |  1.7

Action                   |  1- 3 |  4- 6 || total
-------------------------+-------+-------++-------
Melee: Hand axe          |   129 |   254 ||   383
       Bite              |    11 |    19 ||    30
       Dagger            |    21 |    16 ||    37
  Use: Scroll            |     3 |     4 ||     7
       Potion            |     2 |     7 ||     9
 Stab: Invisible         |       |     1 ||     1
       Sleeping          |       |     1 ||     1
  Eat: Chunk             |     4 |     5 ||     9
       Bread ration      |       |     1 ||     1
Armor: Robe              |    24 |       ||    24
       Plate armour      |    56 |   131 ||   187
       Skin              |       |    26 ||    26
       Leather armour    |       |    57 ||    57
Dodge: Dodged            |    51 |    91 ||   142
Block: Shield            |    47 |   139 ||   186
